 Dungeon Crawl Stone Soup version 0.32-a0-646-g91cf321817 (webtiles) character file.

Game seed: 15813498891825463884

117 GordonOverkill the Sneak (level 4, 0/28 HPs)
             Began as a Deep Elf Delver on Mar 8, 2024.
             Succumbed to an adder's poison
             ... on level 5 of the Dungeon.
             The game lasted 00:03:40 (672 turns).

GordonOverkill the Sneak (Deep Elf Delver)           Turns: 672, Time: 00:03:40

Health: 0/28       AC:  3    Str:  6 (9)  XL:     4   Next: 71%
Magic:  10/10      EV: 11    Int: 15 (17) God:
Gold:   38         SH:  0    Dex: 13 (16) Spells: 9/9 levels left

rFire   . . .        a - +0 short sword
rCold   . . .        (no shield)
rNeg    . . .        b - +0 leather armour
rPois   .            (no helmet)
rElec   .            (no cloak)
rCorr   .            (no gloves)
SInv    .            (no boots)
Will    .....        (no amulet)
Stlth   +++          (no ring)
HPRegen 0.24/turn    (no ring)
MPRegen 0.12/turn

%: no passive effects
@: lethally poisoned (0 -> -2)
A: no striking features
a: no special abilities


You were on level 5 of the Dungeon.
You visited 1 branch of the dungeon, and saw 4 of its levels.

You collected 38 gold pieces.

Inventory:

Hand Weapons
 a - a +0 short sword (weapon)
Missiles
 k - 3 curare-tipped darts (quivered)
Armour
 b - a +0 leather armour (worn)
Wands
 d - a wand of polymorph (4)
 g - a wand of digging (3)
Scrolls
 c - 2 scrolls of fog


   Skills:
 - Level 3.0 Fighting
 - Level 2.0 Short Blades
 + Level 0.4 Throwing
 - Level 2.4 Dodging
 - Level 6.0 Stealth
 - Level 3.0 Spellcasting
 - Level 3.0 Conjurations
 - Level 1.0 Evocations


You had 9 spell levels left.
You didn't know any spells.
Your spell library was empty.

Dungeon Overview and Level Annotations

Branches:
Dungeon (8/15)
 Temple: D:4-7         Lair: D:8-11

Altars:

Annotations:
D:5 Sigmund
D:6 Grinder


Message History

You are too injured to fight recklessly!
You barely miss the adder.
The adder is severely wounded.
You feel sick. The adder bites you but does no damage.
You are too injured to fight recklessly!
You hit the adder.
The adder is severely wounded.
You feel sick. The adder bites you.
* * * LOW HITPOINT WARNING * * *
You are too injured to fight recklessly!
You miss the adder.
The adder is severely wounded.
You feel sick.
You are no longer poisoned.
The adder barely misses you.
You closely miss the adder.
The adder is severely wounded.
The adder barely misses you.
You barely miss the adder.
The adder is severely wounded.
The adder bites you.
* * * LOW HITPOINT WARNING * * *
The adder bites you.
* * * LOW HITPOINT WARNING * * *
You are lethally poisoned!
The adder poisons you!
You hit the adder.
You kill the adder!
* * * LOW HITPOINT WARNING * * *
You feel sick.
Training target 1.0 for Evocations reached!
Your Evocations skill increases to level 1!
* * * LOW HITPOINT WARNING * * *
You feel sick.
You see here an adder corpse.
* * * LOW HITPOINT WARNING * * *
You feel sick.
* * * LOW HITPOINT WARNING * * *
You feel sick.
You die...

...... #.#f.....#
.....# #. ######.#
##.....## .$ #..#
#.......# .# #.## .#
#.......# .# ##.#
...###.......##.# ##..#
#..........##..#
###..##
###.>....##..####...##
###...#.........@†..###
.....####..#..#######
.....# .(.....
.....#...###.#
>........# #.@
.....#..## ## #...##.##
..#....# ....####


There were no monsters in sight!

Vanquished Creatures
  An ogre (D:6)
  A sleepcap (D:6)
  An adder (D:5)
3 creatures vanquished.

Notes
Turn   | Place    | Note
-------+----------+-------------------------------------------
     0 | D:5      | GordonOverkill the Deep Elf Delver began the quest for the
                  | Orb.
     0 | D:5      | Reached XP level 1. HP: 13/13 MP: 3/3
     1 | D:6      | Noticed an ogre
     6 | D:6      | Killed an ogre
     7 | D:6      | Reached skill level 1 in Conjurations
     7 | D:6      | Reached XP level 2. HP: 4/19 MP: 4/8
     7 | D:6      | Reached XP level 3. HP: 6/23 MP: 4/9
     7 | D:6      | Reached XP level 4. HP: 7/28 MP: 4/10
   280 | D:8      | Noticed a centaur
   474 | D:6      | Noticed Grinder
   478 | D:6      | Paralysed by Grinder for 3 turns
   492 | D:6      | Noticed a sky beast
   542 | D:5      | Noticed Sigmund
   557 | D:5      | an adder changed into a wyvern
   557 | D:5      | Noticed a wyvern
   563 | D:5      | Noticed a scorpion
   669 | D:5      | Reached skill level 1 in Evocations
   671 | D:5      | HP: 1/28 [poisoned by an adder]
   672 | D:5      | Succumbed to an adder's poison

Illustrated notes

Levels and vault maps discovered:
D:5:      layout_rooms, uniq_sigmund
D:6:      kennysheep_windowed_halls, layout_loops_ring, tso_oasis_becter,
          uniq_grinder
D:7:      layout_basic, uniq_duvessa
D:8:      nicolae_whirlpool, layout_rooms, minmay_ruffians

Skill      XL: |  1  2  3  4 |
---------------+-------------+-----
Fighting       | 3 |  3.0
Spellcasting   | 3 |  3.0
Conjurations   | 2 3 |  3.0
Evocations     | 1 |  1.0
Short Blades   | |  2.0
Throwing       | |  0.4
Dodging        | |  2.4
Stealth        | |  6.0

Action                     |  1- 3 |  4- 6 || total
---------------------------+-------+-------++-------
  Melee: Short sword       |     4 |    19 ||    23
  Throw: Dart              |       |     3 ||     3
  Evoke: Wand              |       |     1 ||     1
    Use: Scroll            |       |     5 ||     5
         Potion            |       |     2 ||     2
   Stab: Sleeping          |     1 |     1 ||     2
 Armour: Leather armour    |     1 |    25 ||    26
  Dodge: Dodged            |     1 |    16 ||    17

Table legend: (Time is in decaauts)
 A = Elapsed time spent in this place.
 B = Non-inter-level travel time spent in this place.
 C = Inter-level travel time spent in this place.
 D = Time resting spent in this place.
 E = Time spent auto-exploring this place.
 F = Levels seen in this place.
 G = Mean time per level.
                   A        B        C        D        E       F      G
               +--------+--------+--------+--------+--------+-----+--------+
         Total |    652 |    652 |      0 |    189 |      0 |   4 |  163.0 |
       Dungeon |    652 |    652 |      0 |    189 |      0 |   4 |  163.0 |
               +--------+--------+--------+--------+--------+-----+--------+

Top non-repeatable levels by time:
     D:6: 319 daAuts
     D:7: 159 daAuts
     D:5: 137 daAuts
     D:8: 36 daAuts
